AoeStats
← Kiminyua

Black Forest

506338931Analyzed
1v1 RM · 19d ago on Sep 13, 2026· 85m 33s· 2 players
Game mode
Random Map
Map size
Tiny (2 player)
Population
200
Speed
Normal
Resources
Standard
Victory
Conquest
Starting age
Dark Age
Ending age
Imperial Age
RankedLock teamsTeams togetherTeam positionsShared explorationLock speedFull tech treeHidden civsTurbo modeCheats
Victory
Defeat
🇨🇴 Japanese · Colombia
264
+16
🇳🇿 Britons · New Zealand
268
-16
Kiminyua
11:43 Loom
14:03 Feudal Age
17:33 Wheelbarrow
16:50 Double-Bit Axe
25:32 Horse Collar
26:40 Bloodlines
35:20 Scale Barding Armor
40:24 Castle Age
43:34 Hand Cart
42:59 Light Cavalry
44:26 Chain Barding Armor
45:59 Bow Saw
45:59 Stone Mining
46:00 Gold Mining
46:17 Heavy Plow
50:56 Yasama
53:35 Imperial Age
55:14 Kataparuto
60:46 Parthian Tactics
59:41 Heavy Cavalry Archer
60:52 Husbandry
60:13 Cavalier
63:37 Elite Samurai
65:58 Two-Man Saw
GrayGhost
7:28 Loom
11:56 Feudal Age
12:52 Horse Collar
22:55 Castle Age
21:48 Double-Bit Axe
23:08 Scale Barding Armor
22:58 Fletching
24:42 Heavy Plow
24:58 Bow Saw
25:16 Stone Mining
28:15 Wheelbarrow
28:32 Husbandry
28:43 Gambesons
29:05 Squires
30:27 Padded Archer Armor
30:36 Bodkin Arrow
31:49 Pikeman
32:17 Arson
31:58 Man-at-Arms
33:27 Fortified Wall
34:54 Chain Barding Armor
38:32 Leather Archer Armor
40:03 Light Cavalry
41:49 Forging
43:13 Long Swordsman
45:07 Iron Casting
45:03 Murder Holes
45:11 Guard Tower
48:27 Yeomen
49:01 Hand Cart
51:36 Imperial Age
51:04 Scale Mail Armor
52:42 Onager
55:14 Hoardings
60:02 Plate Barding Armor
59:29 Bracer
60:34 Blast Furnace
59:17 Heavy Scorpion
60:06 Cavalier
64:32 Chain Mail Armor
66:02 Chemistry
65:40 Halberdier
Connection lost

Rejoining the realm…

Still unreachable

The connection could not be restored.

Session expired

The server has moved on; the page needs a fresh start.